 Dungeon Crawl Stone Soup version 0.31.0-11-ge490571c62 (webtiles) character file.

Game seed: 9029708040674345994

189 qw the Shooter (level 5, 0/26 HPs)
             Began as a Spriggan Hunter on Feb 3, 2024.
             Slain by an adder (2 damage)
             ... on level 3 of the Dungeon.
             The game lasted 00:00:06 (1795 turns).

qw the Shooter (Spriggan Hunter)                    Turns: 1795, Time: 00:00:07

Health: 0/26       AC:  2    Str:  7    XL:     5   Next: 40%
Magic:  0/6        EV: 20    Int: 11    God:
Gold:   52         SH:  0    Dex: 20    Spells: 4/4 levels left

rFire   . . .        g - +3 sling (heavy)
rCold   . . .        (no shield)
rNeg    . . .        c - +0 robe
rPois   .            (helmet restricted)
rElec   .            (no cloak)
rCorr   .            (gloves unavailable)
SInv    +            (boots unavailable)
Will    .....        a - amulet of guardian spirit
Stlth   ++           (no ring)
HPRegen 0.24/turn    (no ring)
MPRegen 0.10/turn

%: guardian spirit
@: very quick
A: very small, no large weapons, unfitting armour, see invisible, speed 3
a: no special abilities


You were on level 3 of the Dungeon.
You visited 1 branch of the dungeon, and saw 3 of its levels.

You collected 52 gold pieces.


Innate Abilities, Weirdness & Mutations

You are very small and have problems with some larger weapons.
You are too small for most types of armour.
You have supernaturally acute eyesight. (SInv)
You cover ground extremely quickly. (Speed+++)


   Skills:
 - Level 2.0 Fighting
 + Level 5.6 Ranged Weapons
 - Level 5.1 Dodging
 - Level 1.5 Stealth


You had 4 spell levels left.
You didn't know any spells.
Your spell library was empty.

Inventory:

Hand Weapons
 g - a +3 heavy sling (weapon)
Armour
 c - a +0 robe (worn)
Jewellery
 a - an amulet of guardian spirit (around neck)
Potions
 d - a potion of haste {unknown}
 e - a potion of ambrosia {unknown}
 f - a potion of enlightenment
 h - a potion of brilliance {unknown}

Dungeon Overview and Level Annotations

Branches:
Dungeon (3/15)

Altars:

Annotations:
D:2 1 runed translucent door, Crazy Yiuf


Message History

The orc wizard barely misses you.
You shoot a sling bullet. The sling bullet hits the orc wizard!
The orc wizard is severely wounded.
The orc wizard completely misses you.
The orc wizard hits you with a +0 dagger.
You shoot a sling bullet. The sling bullet hits the orc wizard.
You kill the orc wizard!
The orc wizard barely misses you.
The orc wizard points at you and mumbles some strange words.
You easily resist.
The orc completely misses you.
You shoot a sling bullet.
The sling bullet closely misses the orc wizard.
The orc wizard completely misses you. The orc completely misses you.
The orc misses you. The orc wizard misses you.
You shoot a sling bullet. The sling bullet hits the orc wizard!
The orc wizard is heavily wounded.
The orc wizard hits you with a +0 dagger.
The orc completely misses you.
You shoot a sling bullet. The sling bullet hits the orc wizard!
You kill the orc wizard!
The orc hits you with a +0 flail! The orc misses you.
You shoot a sling bullet. The sling bullet hits the orc!
You kill the orc!
The adder barely misses you.
You shoot a sling bullet.
The sling bullet barely misses the adder.
The adder bites you. The adder barely misses you. The adder misses you.
You shoot a sling bullet. The sling bullet hits the adder.
The adder is lightly wounded.
The adder misses you. x2
You shoot a sling bullet.
The sling bullet barely misses the adder.
The adder bites you. The adder completely misses you.
You shoot a sling bullet. The sling bullet hits the adder.
The adder is heavily wounded.
The adder closely misses you. The adder completely misses you.
You shoot a sling bullet.
The sling bullet barely misses the adder.
The adder bites you.
You die...

#########
#.....S)#
#@# #.#
#.# #.#
#.# #.#
#.######
#.....<#
########


You could see an adder.

Vanquished Creatures
  Jessica (D:2)
  2 orc wizards (D:3)
  3 gnolls (D:2)
  2 adders (D:2)
  A dart slug (D:2)
  A ribbon worm (D:2)
  3 orcs (D:3)
  6 ball pythons
  3 endoplasms
  A giant cockroach (D:1)
  4 goblins
  7 hobgoblins
  7 jackals (D:1)
  2 quokkas (D:2)
  A bat (D:2)
  4 frilled lizards (D:2)
  5 kobolds
  5 rats
58 creatures vanquished.

Notes
Turn   | Place    | Note
-------+----------+-------------------------------------------
     0 | D:1      | qw the Spriggan Hunter began the quest for the Orb.
     0 | D:1      | Reached XP level 1. HP: 10/10 MP: 2/2
     0 | D:1      | 0 ||| qw: Version: 0.3-a-155-g5e7d8dd
     0 | D:1      | 0 ||| qw: Game counter: 3192
     0 | D:1      | 0 ||| qw: Melee chars always use a shield: true
     0 | D:1      | 0 ||| qw: God list: Okawaru
     0 | D:1      | 0 ||| qw: Allow faded altars: false
     0 | D:1      | 0 ||| qw: Do Orc after clearing Dungeon:15 true
     0 | D:1      | 0 ||| qw: Do second Lair branch before Depths: true
     0 | D:1      | 0 ||| qw: Lair rune preference: random
     0 | D:1      | 0 ||| qw: Goals: Normal
     0 | D:1      | 0 ||| PLANNING D:1-11
    52 | D:1      | Reached skill level 3 in Dodging
   107 | D:1      | Reached XP level 2. HP: 13/14 MP: 3/3
   716 | D:1      | Reached XP level 3. HP: 18/18 MP: 4/4
   717 | D:1      | 717 ||| READING scroll labelled LOIXOZXURIY.
   717 | D:1      | 717 ||| ENCHANTING +0 shortbow.
   718 | D:1      | 718 ||| READING scroll labelled ZEHASI FUAMI.
   719 | D:1      | 719 ||| DRINKING 2 sapphire potions.
   720 | D:1      | 720 ||| DRINKING 2 fuming golden potions.
   743 | D:1      | 743 ||| DROPPING scroll of butterflies.
   744 | D:1      | 744 ||| DROPPING potion of lignification.
   868 | D:2      | Found a runed translucent door.
   869 | D:2      | Noticed Crazy Yiuf
  1048 | D:2      | Noticed Jessica
  1049 | D:2      | Killed Jessica
  1054 | D:2      | 1054 ||| SWAPPING to +3 heavy sling.
  1055 | D:2      | 1055 ||| DROPPING +0 shortbow.
  1122 | D:2      | Reached XP level 4. HP: 22/22 MP: 5/5
  1621 | D:2      | 1621 ||| UPGRADING to amulet of guardian spirit.
  1626 | D:2      | 1626 ||| READING 3 scrolls labelled MEJ ERGHOOTIJEGOL.
  1627 | D:2      | 1627 ||| READING scroll labelled QAEVAPSO NOEB.
  1728 | D:2      | 1728 ||| DROPPING 2 scrolls of poison.
  1783 | D:3      | Reached XP level 5. HP: 11/26 MP: 3/6
  1789 | D:3      | HP: 1/26 [orc/+0 flail (7)]
  1795 | D:3      | Slain by an adder

Levels and vault maps discovered:
D:1:      roderic_crop_circles_arrival_small, layout_basic
D:2:      layout_basic, uniq_crazy_yiuf_cottage, uniq_jessica
D:3:      layout_basic, chequers_ecumenical_altar_simple, serial_shops, shop,
          uniq_grinder, uniq_terence, uniq_natasha

Skill      XL: |  1  2  3  4 |
---------------+-------------+-----
Dodging        | 3 4 5 |  5.1
Ranged Weapons | 5 |  5.6
Fighting       | 2 |  2.0
Stealth        | |  1.5

Action                     |  1- 3 |  4- 6 || total
---------------------------+-------+-------++-------
   Fire: Shortbow          |    96 |       ||    96
         Sling             |     2 |    63 ||    65
    Use: Scroll            |     2 |     2 ||     4
         Potion            |     2 |       ||     2
 Armour: Robe              |    12 |    12 ||    24
  Dodge: Dodged            |    43 |    39 ||    82

Table legend:
 A = Non-vault XP
 B = Vault XP
 C = Vault XP percentage of total XP
 D = Non-vault monster count
 E = Vault monster count
 F = Vault count percentage of total count
                 A         B        C        D         E       F
            +---------+---------+-------+---------+---------+-------
      Total |     233 |      37 |  13.7 |      57 |       1 |   1.7
            +---------+---------+-------+---------+---------+-------
        D:1 |      41 |       0 |   0.0 |      23 |       0 |   0.0
        D:2 |     113 |      37 |  24.7 |      29 |       1 |   3.3
        D:3 |      79 |       0 |   0.0 |       5 |       0 |   0.0
            +---------+---------+-------+---------+---------+-------
